 Dungeon Crawl Stone Soup version 0.28-a0-1206-g193881aaa2 (webtiles) character file.

Game seed: 8186701877397076718

1577 ytrimaz the Insei (level 8, -12/49 (54) HPs)
             Began as an Octopode Transmuter on Dec 20, 2021.
             Was an Initiate of Ashenzari.
             Mangled by an ogre (21 damage)
             ... on level 6 of the Dungeon.
             The game lasted 00:07:36 (8345 turns).

ytrimaz the Insei (Octopode Transmuter)             Turns: 8345, Time: 00:07:36

HP:   -12/49 (54)   AC:  1    Str:  9    XL:     8   Next: 91%
MP:   16/16         EV: 14    Int: 18    God:    Ashenzari [......]
Gold: 165           SH:  5    Dex: 14    Spells: 7/17 levels left

rFire   . . .      SeeInvis .     - Unarmed
rCold   . . .      Faith    .   (no shield)
rNeg    . . .      Spirit   .   (helmet restricted)
rPois   .          Reflect  +   e - amulet of reflection
rElec   .          Harm     .   (no ring)
rCorr   .          Rampage  .   (no ring)
Will    .....      Rnd*Tele +   (no ring)
Stlth   ++........              (no ring)
HPRegen 0.16/turn               (no ring)
MPRegen 0.15/turn               (no ring)
                                (no ring)
                                (no ring)

@: drained, unable to read
A: almost no armour, amphibious, 8 rings, camouflage 1, gelatinous body 1,
(nimble swimmer 1), tentacles, agile 1, teleportitis 1, inability to read while
threatened
a: Renounce Religion


You were on level 6 of the Dungeon.
You worshipped Ashenzari.
Ashenzari was noncommittal.
You visited 2 branches of the dungeon, and saw 7 of its levels.
You also visited: Sewer.

You collected 165 gold pieces.

Inventory:

Jewellery
 b - a ring of flight
 e - an amulet of reflection (around mantle)
Scrolls
 c - a scroll of torment
 j - a scroll of fear
 k - a scroll of holy word
Potions
 a - a potion of brilliance
 d - 2 potions of might {unknown}
 f - 2 potions of haste
 h - 5 potions of invisibility
 i - a potion of magic {unknown}
 l - a potion of cancellation


   Skills:
 * Level 3.9 Fighting
 * Level 4.3 Dodging
 + Level 1.4 Shields
 + Level 6.0 Unarmed Combat
 * Level 5.3 Spellcasting
 * Level 5.1 Transmutations
 + Level 0.2 Ice Magic
 + Level 1.3 Poison Magic


You had 7 spell levels left.
You knew the following spells:

 Your Spells              Type           Power      Damage    Failure   Level
a - Beastly Appendage     Tmut           46%        N/A       1%          1
b - Wereblood             Tmut           23%        N/A       2%          2
c - Spider Form           Tmut/Pois      16%        N/A       10%         3
d - Ice Form              Ice/Tmut       14%        N/A       38%         4

Your spell library contained the following spells:

 Spells                   Type           Power      Damage    Failure   Level


Dungeon Overview and Level Annotations

Branches:
Dungeon (6/15)             Temple (1/1) D:5           Sewer (visited)

Altars:
Ashenzari
Cheibriados
Dithmenos
Elyvilon
Fedhas
Gozag
Hepliaklqana
Makhleb
Nemelex Xobeh
Okawaru
Qazlal
Ru
Sif Muna
Trog
Uskayaw
Vehumet
Wu Jian
Xom
Yredelemnul
Zin
The Shining One


Innate Abilities, Weirdness & Mutations

You cannot wear most types of armour.
You are amphibious.
You can wear up to eight rings at the same time.
Your skin changes colour to match your surroundings (Stealth+).
Your rubbery body absorbs attacks. (AC +1, EV +1)
((You are camouflaged near water. (Stealth+)))
You have tentacles for arms and can constrict up to eight enemies at once.
You are agile. (Dex +2)
You are occasionally teleported next to monsters.
You sometimes lose the ability to read scrolls when taking damage.


Message History

* * * LOW HITPOINT WARNING * * *
You hit the wight but do no damage.
The wight is severely damaged.
The wight hits you with a +5 dagger of freezing!
* * * LOW HITPOINT WARNING * * *
The wight closely misses you.
Unknown command.
You cannot read scrolls in your current state!
Unknown command.
You cannot read scrolls in your current state!
Your primal bloodlust has ended.
You feel yourself speed up.
The wight hits you with a +3 hand axe of freezing.
* * * LOW HITPOINT WARNING * * *
You block the wight's attack.
Unknown command.
You warm up again.
Found a ring mail.
Found a stone staircase leading down.
Found a scroll labelled JOUFUVU BYEMAL.
You can read scrolls again.
An iguana and an ogre come into view.
An iguana and a hound come into view.
The hound barks!
You hear a shout!
An ice beast comes into view.
Unknown command.
Your extra speed is starting to run out.
Found a stone staircase leading down.
There is a stone staircase leading down here.
You feel yourself slow down.
A gnoll and an ogre come into view.
The gnoll shouts!
An ogre comes into view. It is wielding a +0 giant club.
The ogre shouts!
The ogre misses you.
Unknown command.
The hound misses you.
The ogre hits you with a +0 giant club!!
You feel threatened and lose the ability to read scrolls!
You die...

+..#......###.# ##.
#..........#.........
#....................
#.....g..............
+....................
#...................?
#................h...
#..h..............Y..
+...@....##....
###O#...## #..
#.###.# #.# ... #.#
##.# #.# . #.# #.#


You could see an ogre, a hound and a gnoll.

Vanquished Creatures
  Prince Ribbit (D:5)
  Menkaure (D:5)
  A water moccasin (D:6)
  A sky beast (D:6)
  An ice beast (D:5)
  An ogre (D:5)
  4 kobold brigands (Sewer)
  A scorpion (D:5)
  2 wights (D:6)
  A jelly (D:4)
  2 orc priests
  A hound (D:5)
  An iguana (D:4)
  3 orc wizards
  2 hound skeletons
  Robin (D:3)
  A gnoll (D:1)
  2 river rats (Sewer)
  9 adders
  An adder skeleton (D:4)
  A worm (D:3)
  A dart slug (D:2)
  9 orcs
  10 ball pythons
  4 endoplasms
  3 giant cockroaches
  10 goblins
  7 hobgoblins
  16 kobolds
  A quokka (D:2)
  8 bats
  3 frilled lizards
  26 rats
136 creatures vanquished.

Notes
Turn   | Place    | Note
-------+----------+-------------------------------------------
     0 | D:1      | ytrimaz the Octopode Transmuter began the quest for the
                  | Orb.
     0 | D:1      | Reached XP level 1. HP: 13/13 MP: 3/3
   880 | D:1      | Reached XP level 2. HP: 18/18 MP: 3/5
  1520 | D:1      | Reached XP level 3. HP: 22/23 MP: 4/6
  1523 | D:1      | Learned a level 2 spell: Wereblood
  1527 | D:1      | Learned a level 3 spell: Spider Form
  2580 | D:3      | Reached XP level 4. HP: 14/28 MP: 5/7
  2841 | D:3      | Found a faded altar of an unknown god.
  3199 | D:3      | Gained mutation: You sometimes lose the ability to read
                  | scrolls when taking damage. [potion of mutation]
  3199 | D:3      | Gained mutation: Your flesh is cold resistant. (rC+)
                  | [potion of mutation]
  3199 | D:3      | Gained mutation: Your flesh is very cold resistant. (rC++)
                  | [potion of mutation]
  3562 | D:3      | Noticed Robin
  3587 | D:3      | Reached XP level 5. HP: 24/34 MP: 7/9
  3590 | D:3      | Killed Robin
  4365 | D:4      | Found a glowing drain.
  4386 | Sewer    | Entered a sewer
  4435 | Sewer    | Noticed a kobold brigand
  4449 | Sewer    | Killed a kobold brigand
  4450 | Sewer    | Reached skill level 4 in Unarmed Combat
  4450 | Sewer    | Reached XP level 6. HP: 27/39 MP: 7/11
  4612 | Sewer    | HP: 1/40 [kobold brigand (7)]
  4634 | Sewer    | Identified the +2 robe of Plog {Contam rC+++ MP+9 Stlth+}
  4777 | Sewer    | Reached XP level 7. HP: 45/45 MP: 5/12
  5031 | Sewer    | Lost mutation: Your flesh is very cold resistant. (rC++)
                  | [potion of mutation]
  5031 | Sewer    | Lost mutation: Your flesh is cold resistant. (rC+) [potion
                  | of mutation]
  5031 | Sewer    | Gained mutation: You are occasionally teleported next to
                  | monsters. [potion of mutation]
  5031 | Sewer    | Gained mutation: You are agile. (Dex +2) [potion of
                  | mutation]
  5114 | Sewer    | Reached skill level 1 in Shields
  5798 | D:4      | Reached skill level 1 in Poison Magic
  5821 | D:4      | Learned a level 4 spell: Ice Form
  6431 | D:5      | Entered Level 5 of the Dungeon
  6442 | D:5      | Noticed Menkaure
  6533 | D:5      | Killed Menkaure
  6535 | D:5      | Noticed Prince Ribbit
  6553 | D:5      | Killed Prince Ribbit
  6554 | D:5      | Reached skill level 5 in Unarmed Combat
  6554 | D:5      | Reached XP level 8. HP: 10/52 MP: 8/14
  7403 | D:5      | Reached skill level 5 in Spellcasting
  7776 | D:5      | Found a staircase to the Ecumenical Temple.
  7790 | Temple   | Entered the Ecumenical Temple
  7996 | Temple   | Became a worshipper of Ashenzari the Shackled
  8147 | D:6      | Reached skill level 5 in Transmutations
  8272 | D:6      | Reached skill level 6 in Unarmed Combat
  8276 | D:6      | HP: 2/58 [wight (9)]
  8345 | D:6      | Mangled by an ogre

Illustrated notes

Levels and vault maps discovered:
D:1:      heliophobic_arrival_ceremonial_halls, layout_loops_ring
D:2:      layout_loops_cross
D:3:      layout_loops_ring, hellmonk_ecumenical_altar_run_dry,
          kennysheep_generic_room_11, uniq_robin
D:4:      wander_river, layout_basic, cheibrodos_sewer_entry_sluice
D:5:      layout_rooms, minmay_temple_entry_purple_smoke, uniq_prince_ribbit1,
          uniq_menkaure
D:6:      layout_rooms, mainiacjoe_overflow_24_doors, minmay_misc_feat_square
Temple:   minmay_crystal_snake_temple

Skill      XL: |  1  2  3  4  5  6  7  8 |
---------------+-------------------------+-----
Spellcasting   | 3 4 5 |  5.3
Transmutations | 3 4 5 |  5.1
Fighting       | 2 3 |  3.9
Unarmed Combat | 4 5 6 |  6.0
Dodging        | 3 4 |  4.3
Shields        | 1 |  1.4
Poison Magic   | 1 |  1.3
Ice Magic      | |  0.2

Action                   |  1- 3 |  4- 6 |  7- 9 || total
-------------------------+-------+-------+-------++-------
Melee: Unarmed           |    59 |   135 |   173 ||   367
       Constrict         |    14 |    23 |    11 ||    48
       Kick              |     6 |    16 |     5 ||    27
       Tentacles         |    13 |     7 |     5 ||    25
       Punch             |     1 |     1 |     2 ||     4
 Cast: Beastly Appendage |    22 |    13 |     9 ||    44
       Wereblood         |       |     4 |     6 ||    10
       Spider Form       |       |     5 |    10 ||    15
       Ice Form          |       |       |     4 ||     4
  Use: Scroll            |     7 |     4 |     3 ||    14
       Potion            |       |     4 |     5 ||     9
 Stab: Sleeping          |     2 |     1 |     3 ||     6
Armor: Skin              |     8 |     9 |    10 ||    27
Dodge: Dodged            |    39 |    95 |   120 ||   254
Block: Other             |       |    48 |    32 ||    80
       Reflection        |       |     3 |     1 ||     4

Table legend: (Time is in decaauts)
 A = Elapsed time spent in this place.
 B = Non-inter-level travel time spent in this place.
 C = Inter-level travel time spent in this place.
 D = Time resting spent in this place.
 E = Time spent auto-exploring this place.
 F = Levels seen in this place.
 G = Mean time per level.
                   A        B        C        D        E       F      G
               +--------+--------+--------+--------+--------+-----+--------+
         Total |   8286 |   8128 |    158 |   1120 |   5848 |   8 | 1035.8 |
       Dungeon |   6890 |   6771 |    119 |    737 |   5185 |   6 | 1148.3 |
        Temple |    219 |    180 |     39 |      0 |    158 |   1 |  219.0 |
         Sewer |   1176 |   1176 |      0 |    383 |    505 |   1 | 1176.0 |
               +--------+--------+--------+--------+--------+-----+--------+

Top non-repeatable levels by time:
     D:3: 1773 daAuts
     D:1: 1770 daAuts
     D:5: 1231 daAuts
   Sewer: 1176 daAuts
     D:4: 1174 daAuts
     D:2: 756 daAuts
  Temple: 219 daAuts
     D:6: 183 daAuts
